 Dungeon Crawl Stone Soup version 0.28-a0-1518-gbe868bca14 (webtiles) character file.

Game seed: 10059883529711597741

6793 lunkers the Geomancer (level 11, -4/72 HPs)
             Began as an Octopode Earth Elementalist on Jan 17, 2022.
             Was a Priest of Ashenzari.
             Slain by a black mamba (12 damage)
             ... on level 8 of the Dungeon.
             The game lasted 00:15:28 (12128 turns).

lunkers the Geomancer (OpEE)                       Turns: 12128, Time: 00:15:28

Health: -4/72      AC:  3    Str:  7    XL:     11   Next: 5%
Magic:  19/24      EV: 16    Int: 22    God:    Ashenzari [***...]
Gold:   178        SH: 11    Dex: 23    Spells: 18/28 levels left

rFire   + . .      SeeInvis +   e - +3 dagger "Omniscient Fetters" {drain, Melee, Comp} (curse)
rCold   . . .      Faith    .   o - +0 kite shield {rF+}
rNeg    . . .      Spirit   .   y - +2 hat of Ashenzari's Hedonism {Self, Range} (curse)
rPois   .          Reflect  .   (no amulet)
rElec   .          Harm     .   h - ring "Soothsayer of the Sky" {Will+, Elem, Melee} (curse)
rCorr   .          Rampage  .   a - ring of Ashenzari's Stoicism {Dex+6, Cun, Evo} (curse)
Will    +....      Clarity  +   t - ring "Chained With Me" {Fly Dex+4, Self, Cun} (curse)
Stlth   +++++.....              g - ring of the Gnostic Dismay {Fire, Bglg, Melee} (curse)
HPRegen 0.22/turn               w - ring of ice
MPRegen 0.19/turn               (no ring)
                                (no ring)
                                (no ring)

@: lethally poisoned (-4 -> -20), flying
A: almost no armour, amphibious, 8 rings, camouflage 1, gelatinous body 1,
(nimble swimmer 1), tentacles
a: Renounce Religion, Shatter the Chains


You were on level 8 of the Dungeon.
You worshipped Ashenzari.
Ashenzari was most pleased with you.
You visited 3 branches of the dungeon, and saw 10 of its levels.

You collected 353 gold pieces.
You spent 175 gold pieces at shops.

Inventory:

Hand Weapons
 e - the cursed +3 dagger "Omniscient Fetters" (weapon) {drain, Melee, Comp}
   (You took it off a goblin on level 2 of the Dungeon)

   A truly terrible weapon, it drains the life of any living foe it strikes.
   It has a curse which improves the following skills: Melee Combat: Short
   Blades, Long Blades, Axes, Maces & Flails, Polearms, Staves and Unarmed
   Combat.
   Companions: Summonings and Necromancy.
 j - a +2 dagger of pain
 p - a +3 dagger of flaming
Missiles
 b - 287 stones
Armour
 o - a +0 kite shield of fire resistance (worn)
 y - the cursed +2 hat of Ashenzari's Hedonism (worn) {Self, Range}
   (You bought it in a shop on level 7 of the Dungeon)

   It has a curse which improves the following skills: Introspection: Fighting
   and Spellcasting.
   Ranged Combat: Slings, Bows, Crossbows and Throwing.
Jewellery
 a - the cursed ring of Ashenzari's Stoicism (right tentacle) {Dex+6, Cun, Evo}
   (You found it on level 2 of the Dungeon)

   [ring of dexterity]

   Dex:       It affects your dexterity (+6).
   It has a curse which improves the following skills: Cunning: Dodging and
   Stealth.
   Evocations: Evocations.
 g - the cursed ring of the Gnostic Dismay (on tentacle) {Fire, Bglg, Melee}
   (You found it on level 1 of the Dungeon)

   [ring of fire]

   It enhances your fire magic.
   rF:        It protects you from fire.
   rC:        It makes you vulnerable to cold.
   It has a curse which improves the following skills: Beguiling: Conjurations,
   Hexes and Translocations.
   Melee Combat: Short Blades, Long Blades, Axes, Maces & Flails, Polearms,
   Staves and Unarmed Combat.
 h - the cursed ring "Soothsayer of the Sky" (left tentacle) {Will+, Elem, Melee}
   (You found it on level 2 of the Dungeon)

   [ring of willpower]

   Will:      It increases your willpower.
   It has a curse which improves the following skills: Elements: Fire Magic, Ice
   Magic, Air Magic and Earth Magic.
   Melee Combat: Short Blades, Long Blades, Axes, Maces & Flails, Polearms,
   Staves and Unarmed Combat.
 t - the cursed ring "Chained With Me" (on tentacle) {Fly Dex+4, Self, Cun}
   (You found it on level 6 of the Dungeon)

   [ring of flight]

   Dex:       It affects your dexterity (+4).
   Fly:       It grants you flight.
   It has a curse which improves the following skills: Introspection: Fighting
   and Spellcasting.
   Cunning:   Dodging and Stealth.
 w - a ring of ice (on tentacle)
Wands
 n - a wand of flame (5)
 u - a wand of acid (12)
Scrolls
 l - 2 scrolls of torment
 q - a scroll of amnesia
 r - a scroll of enchant armour
 x - a scroll of holy word
Potions
 c - a potion of ambrosia
 d - 3 potions of curing
 f - a potion of attraction
 i - 3 potions of heal wounds
 k - a potion of mutation
 m - a potion of brilliance
 s - 3 potions of might
 v - a potion of flight


   Skills:
 + Level 3.3(5.4) Fighting
 + Level 4.0(6.3) Dodging
 + Level 5.6(8.0) Stealth
 + Level 3.5 Shields
 + Level 6.6(9.1) Spellcasting
 + Level 6.7(8.3) Conjurations
 + Level 5.5 Transmutations
 * Level 10.4(12.0) Earth Magic


You had 18 spell levels left.
You knew the following spells:

 Your Spells              Type           Power      Damage    Failure   Level
a - Stone Arrow           Conj/Erth      100%       3d13      1%          3
b - Passwall              Tmut/Erth      40%        N/A       1%          2
c - Sandblast             Erth           100%       2d20      1%          1
d - Petrify               Tmut/Erth      48%        N/A       5%          4

Your spell library contained the following spells:

 Spells                   Type           Power      Damage    Failure   Level
 Frozen Ramparts          Ice            32%        1d5       50%         3
 Ozocubu's Armour         Ice            16%        N/A       50%         3
 Ice Form                 Ice/Tmut       33%        N/A       54%         4
 Summon Ice Beast         Ice/Summ       16%        N/A       88%         4
 Metabolic Englaciation   Hex/Ice        8%         N/A       99%         5
 Simulacrum               Ice/Necr       8%         N/A       100%        6


Dungeon Overview and Level Annotations

Branches:
Dungeon (8/15)             Temple (1/1) D:4            Lair (1/6) D:8

Altars:
Ashenzari
Cheibriados
Dithmenos
Elyvilon
Fedhas
Gozag
Hepliaklqana
Kikubaaqudgha
Nemelex Xobeh
Okawaru
Sif Muna
Trog
Uskayaw
Vehumet
Wu Jian
Xom
Yredelemnul

Shops:
D:7 [

Annotations:
D:4 1 runed translucent door, GearBrain's ghost, amateur MiFi
D:8 2 transporters, dolemite99's ghost, novice HOMo


Innate Abilities, Weirdness & Mutations

You cannot wear most types of armour.
You are amphibious.
You can wear up to eight rings at the same time.
Your skin changes colour to match your surroundings (Stealth+).
Your rubbery body absorbs attacks. (AC +1, EV +1)
((You are camouflaged when in or above water. (Stealth+)))
You have tentacles for arms and can constrict up to eight enemies at once.


Message History

You fly upwards.
Welcome back to the Dungeon!
Level annotation: 2 transporters, dolemite99's ghost, novice HOMo You feel extremely sick.
There is a staircase to the Lair here.
You feel very sick. The wolf bites you.
* * * LOW HITPOINT WARNING * * *
The bullfrog barely misses you.
You feel very sick. You block the black mamba's attack.
You feel sick. You block the black mamba's attack. You block the wolf's attack.
You feel sick. The bullfrog barely misses you.
The black mamba closely misses you.
You feel sick. You block the black mamba's attack.
You block the bullfrog's attack.
You feel sick. The black mamba bites you.
* * * LOW HITPOINT WARNING * * *
You block the black mamba's attack.
You feel sick. You block the black mamba's attack.
Casting: Stone Arrow (safe; 1% risk of failure)
Confirm with . or Enter, or press ? or * to list all spells.
Aiming: Petrify (dangerous; 5% risk of failure)
Press: ? - help, Shift-Dir - straight line, f - black mamba
Aim: a black mamba (chance to affect: 71%)
The black mamba is moving more slowly.
You feel sick. The black mamba bites you.
* * * LOW HITPOINT WARNING * * *
You hit the black mamba. You grab the black mamba.
You constrict the black mamba.
You feel sick. The black mamba bites you!
* * * LOW HITPOINT WARNING * * *
You are lethally poisoned!
The black mamba poisons you! You block the black mamba's attack.
You strike the helpless black mamba from behind!
You impale the black mamba!!
The black mamba is heavily wounded.
You constrict the black mamba, but do no damage.
* * * LOW HITPOINT WARNING * * *
You feel very sick. The black mamba bites you!
You die...

#.### #.# #.##......
###.####### #.# #.########
#.........# ##.## #.#
#.#.##.##.#####...#### #.#
#.#.##.##...##.......###.#
#.#.##.##.#.###...###.##.#
#.#....###...###....#.##.#
#.####.##.....##..#......#
#.# #.#.......#@#...#####
#.####.#..)...{#S#####
#.............h.F#
######...........#
#.....>.....#
##...)......#########
#..................#
#####....P..#..####.#.#######
#...#.......#..##.§.§.......#


You could see a black mamba (petrifying) and a bullfrog.

Vanquished Creatures
  2 two-headed ogres
  Pikel (D:7)
  A cyclops (D:6)
  Sigmund (D:5)
  9 yaks
  Menkaure (D:7)
  2 wargs (D:8)
  2 water moccasins
  Duvessa (D:7)
  2 ice beasts
  5 ogres
  2 centaurs
  A wolf (Lair:1)
  A lemure (D:7)
  A phantom (D:6)
  A bullfrog (D:7)
  2 gnoll sergeants
  2 wyvern zombies
  3 scorpions
  A water moccasin zombie (D:6)
  A water moccasin skeleton (D:5)
  Dowan (D:7)
  4 wights (D:7)
  A lava snake (D:7)
  2 centaur zombies (D:8)
  3 jellies
  An orc priest (D:8)
  3 bullfrog skeletons
  2 centaur skeletons (D:7)
  2 hounds
  Jessica (D:2)
  Terence (D:2)
  An iguana (D:5)
  5 orc wizards
  3 hound skeletons
  A howler monkey zombie (D:4)
  10 gnolls
  5 adders
  2 shadow imps
  4 white imps
  An adder skeleton (D:4)
  13 orcs
  11 ball pythons
  11 bats
  4 endoplasms
  5 giant cockroaches
  12 goblins
  6 hobgoblins
  7 kobolds
  A quokka (D:3)
  A frilled lizard (D:2)
  3 rats
  A spectral hobgoblin (D:3)
170 creatures vanquished.

Vanquished Creatures (others)
  A goblin (D:4)
  A plant (D:8)
2 creatures vanquished.

Grand Total: 172 creatures vanquished

Notes
Turn   | Place    | Note
-------+----------+-------------------------------------------
     0 | D:1      | lunkers the Octopode Earth Elementalist began the quest for
                  | the Orb.
     0 | D:1      | Reached XP level 1. HP: 11/11 MP: 3/3
   192 | D:1      | Reached XP level 2. HP: 17/17 MP: 3/5
   269 | D:1      | Learned a level 2 spell: Passwall
   619 | D:1      | Reached XP level 3. HP: 21/21 MP: 2/6
   623 | D:1      | Learned a level 3 spell: Stone Arrow
  1236 | D:2      | Reached skill level 4 in Earth Magic
  1554 | D:2      | Noticed Terence
  1924 | D:2      | Reached XP level 4. HP: 27/27 MP: 7/7
  1976 | D:2      | Noticed Jessica
  1983 | D:2      | Reached skill level 1 in Conjurations
  1992 | D:2      | Killed Jessica
  2106 | D:2      | Killed Terence
  2107 | D:2      | Reached XP level 5. HP: 31/31 MP: 2/9
  2401 | D:3      | Found a shimmering blue altar of Sif Muna.
  2440 | D:3      | Found an iron altar of Okawaru.
  2604 | D:3      | Found a radiant altar of Vehumet.
  2901 | D:3      | Found a hazy altar of Hepliaklqana.
  3080 | D:4      | Noticed a centaur
  3085 | D:4      | Killed a centaur
  3086 | D:4      | Reached skill level 5 in Earth Magic
  3159 | D:4      | Found an opulent altar of Gozag.
  3210 | D:4      | Found a staircase to the Ecumenical Temple.
  3264 | D:4      | Found a bloodstained altar of Trog.
  3270 | D:4      | Reached XP level 6. HP: 29/36 MP: 10/10
  3494 | Temple   | Entered the Ecumenical Temple
  3563 | Temple   | Became a worshipper of Ashenzari the Shackled
  3672 | D:4      | Found a runed translucent door.
  3674 | D:4      | Noticed GearBrain's ghost (amateur MiFi)
  4365 | D:5      | Entered Level 5 of the Dungeon
  4365 | D:5      | Found a shimmering altar of Xom.
  4455 | D:5      | Reached skill level 6 in Earth Magic
  4455 | D:5      | Reached XP level 7. HP: 21/41 MP: 1/12
  5196 | D:5      | Found a shimmering altar of Xom.
  5196 | D:5      | Noticed a two-headed ogre
  5201 | D:5      | Noticed Sigmund
  5248 | D:4      | Learned a level 4 spell: Petrify
  5312 | D:5      | Killed Sigmund
  5313 | D:5      | Reached skill level 7 in Earth Magic
  5313 | D:5      | Reached XP level 8. HP: 41/46 MP: 1/14
  5423 | D:5      | Killed a two-headed ogre
  5424 | D:5      | Reached skill level 5 in Spellcasting
  5424 | D:5      | Reached skill level 8 in Earth Magic
  5779 | D:5      | Reached * piety under Ashenzari
  5779 | D:5      | Identified a scroll of acquirement
  6105 | D:5      | Acquired a +0 kite shield of fire resistance
  6149 | D:6      | Identified the ring of the Ten Orbs {Fly Dex+4}
  6169 | D:6      | Reached XP level 9. HP: 51/51 MP: 12/16
  6211 | D:6      | Reached skill level 5 in Conjurations
  7321 | D:6      | Noticed a two-headed ogre
  7407 | D:6      | Reached skill level 9 in Earth Magic
  7446 | D:6      | Noticed a cyclops
  7678 | D:6      | Killed a two-headed ogre
  7679 | D:6      | Reached skill level 1 in Fighting
  7679 | D:6      | Reached skill level 1 in Shields
  7826 | D:6      | Killed a cyclops
  7827 | D:6      | Reached XP level 10. HP: 40/59 MP: 15/19
  8698 | D:7      | Found Mazuadob's Antique Armour Emporium.
  8940 | D:7      | Noticed Menkaure
  8944 | D:7      | Killed Menkaure
  8945 | D:7      | Noticed Pikel
  8951 | D:7      | Killed Pikel
  9194 | D:7      | Noticed Duvessa
  9194 | D:7      | Noticed Dowan
  9196 | D:7      | Killed Duvessa
  9197 | D:7      | Reached skill level 5 in Transmutations
  9197 | D:7      | Killed Dowan
  9633 | D:7      | Bought an embroidered hat for 175 gold pieces
  9638 | D:7      | Reached ** piety under Ashenzari
 10108 | D:6      | Reached skill level 10 in Earth Magic
 10276 | D:6      | Reached skill level 5 in Stealth
 10627 | D:8      | Found a transporter.
 10883 | D:8      | Noticed dolemite99's ghost (novice HOMo)
 10892 | D:8      | Found a bloodstained altar of Trog.
 10893 | D:8      | Found a transporter.
 10896 | D:8      | Noticed a moth of wrath
 11226 | D:8      | Found a staircase to the Lair.
 11559 | D:8      | Found an ancient bone altar of Kikubaaqudgha.
 11759 | D:8      | Reached XP level 11. HP: 34/70 MP: 5/22
 12016 | D:8      | Reached *** piety under Ashenzari
 12091 | Lair:1   | Entered Level 1 of the Lair of Beasts
 12128 | D:8      | Slain by a black mamba

Illustrated notes

Levels and vault maps discovered:
D:1:      nicolae_arrival_washed_ashore, layout_basic, minmay_splitting_lines
D:2:      layout_basic, minmay_strange_pillars, uniq_jessica, uniq_terence
D:3:      layout_basic, okawaru_gym_becter, vehumet_crystals,
          mainiacjoe_overflow_six_doors_small,
          nicolae_hepliaklqana_monster_ancestors, roderic_lattice_a
D:4:      layout_gridville, trog_hazing_becter, grunt_gozag_breadcrumbs,
          lemuel_temple_firewalk_a, ebering_ghost_sewer_d
D:5:      layout_gridville, hangedman_feature_mirror, uniq_sigmund
D:6:      minmay_chambers_of_sixes, layout_loops_ring, serial_co_window_serial,
          co_window_corner_a, co_window_of_opportunity_a, co_window_cross_1,
          co_window_paths_a, co_window_corner_a, co_window_paths_a,
          co_window_paths_a, co_window_corner_b, co_window_broadway_c,
          co_window_2corner, co_window_unsneaky_path_c, co_window_4corner_b
D:7:      layout_loops_cross, serial_shops, nicolae_inconvenience_store,
          uniq_menkaure, uniq_pikel, uniq_duvessa
D:8:      layout_loops_corners, mainiacjoe_overflow_brackets,
          erik_lair_orcish_takeover, gammafunk_ghost_wrathful_warriors
Temple:   cyrus_temple_forest
Lair:1:   layout_hall_layers, gammafunk_ghost_berserking_beasts,
          serial_bayou_shore_b

Skill      XL: |  1  2  3  4  5  6  7  8  9 10 |
---------------+-------------------------------+-----
Earth Magic    | 4 5 6 7 8 9 10 | 10.4
Conjurations   | 1 2 3 4 6 |  6.7
Spellcasting   | 3 4 5 6 |  6.6
Transmutations | 3 4 5 |  5.5
Fighting       | 1 3 |  3.3
Stealth        | 3 5 |  5.6
Shields        | 1 3 |  3.5
Dodging        | 4 |  4.0

Action                   |  1- 3 |  4- 6 |  7- 9 | 10-12 || total
-------------------------+-------+-------+-------+-------++-------
Melee: Dagger            |    14 |    49 |    30 |    47 ||   140
       Unarmed           |    13 |       |       |       ||    13
       Constrict         |    10 |    11 |     1 |     6 ||    28
       Tentacles         |     5 |     8 |    13 |    14 ||    40
       Punch             |       |     1 |       |       ||     1
 Cast: Sandblast         |    31 |     3 |     6 |     3 ||    43
       Stone Arrow       |       |    20 |    61 |    77 ||   158
       Petrify           |       |       |     4 |    12 ||    16
Invok: Curse Item        |       |       |     2 |     4 ||     6
  Use: Scroll            |     7 |       |     3 |     2 ||    12
       Potion            |       |     1 |       |       ||     1
 Stab: Sleeping          |     2 |    10 |       |       ||    12
       Petrified         |       |       |    21 |    20 ||    41
       Distracted        |       |       |     1 |       ||     1
       Petrifying        |       |       |       |     2 ||     2
Armor: Skin              |     5 |     7 |     1 |     8 ||    21
Dodge: Dodged            |    29 |    32 |    17 |    43 ||   121
Block: Kite shield       |       |       |     7 |    38 ||    45

Table legend: (Time is in decaauts)
 A = Elapsed time spent in this place.
 B = Non-inter-level travel time spent in this place.
 C = Inter-level travel time spent in this place.
 D = Time resting spent in this place.
 E = Time spent auto-exploring this place.
 F = Levels seen in this place.
 G = Mean time per level.
                   A        B        C        D        E       F      G
               +--------+--------+--------+--------+--------+-----+--------+
         Total |  12152 |  11675 |    477 |   1160 |   8870 |  10 | 1215.2 |
       Dungeon |  12033 |  11599 |    434 |   1160 |   8821 |   8 | 1504.1 |
        Temple |     91 |     49 |     42 |      0 |     42 |   1 |   91.0 |
          Lair |     26 |     26 |      0 |      0 |      7 |   1 |   26.0 |
               +--------+--------+--------+--------+--------+-----+--------+

Top non-repeatable levels by time:
     D:6: 2823 daAuts
     D:5: 1842 daAuts
     D:8: 1630 daAuts
     D:7: 1435 daAuts
     D:4: 1255 daAuts
     D:2: 1242 daAuts
     D:1: 1127 daAuts
     D:3: 676 daAuts
  Temple: 91 daAuts
  Lair:1: 26 daAuts
